 Dungeon Crawl Stone Soup version 0.31-a0-237-g2d982f9f85 (webtiles) character file.

Game seed: 18262865213352905928

7959 monsoonserge the Frost Mage (level 11, -6/98 HPs)
             Began as a Gnoll Ice Elementalist on July 12, 2023.
             Was a Priest of Vehumet.
             Mangled by an elephant (13 damage)
             ... on level 1 of the Lair of Beasts.
             The game lasted 00:47:12 (8859 turns).

monsoonserge the Frost Mage (GnIE)                  Turns: 8859, Time: 00:47:13

Health: -6/98      AC: 17    Str:  8    XL:     11   Next: 23%
Magic:  18/23      EV: 12    Int: 19    God:    Vehumet [***...]
Gold:   553        SH:  0    Dex: 12    Spells: 7/26 levels left

rFire   . . .        u - melded +2 hand axe (elec)
rCold   + + +        (shield currently unavailable)
rNeg    . . .        s - melded +2 leather armour {rPois}
rPois   +            (helmet currently unavailable)
rElec   .            k - melded +0 cloak
rCorr   .            I - melded +0 pair of gloves
SInv    .            Z - melded +0 pair of boots
Will    .....        Q - amulet of magic regeneration
Stlth   ++++         O - ring of protection from cold
HPRegen 0.36/turn    P - ring of protection from fire
MPRegen 0.58/turn

%: no passive effects
@: mighty, ice-armoured, ice-form, freezing walls
A: freezing attack, amphibious, boosted hp, large, (fangs 1), strong nose,
distributed training
a: End Transformation, Renounce Religion


You were on level 1 of the Lair of Beasts.
You worshipped Vehumet.
Vehumet was most pleased with you.
You were a creature of crystalline ice.
You visited 3 branches of the dungeon, and saw 11 of its levels.
You also visited: Ossuary.

You collected 553 gold pieces.

Inventory:

Hand Weapons
 o - a +0 sling
 u - a +2 hand axe of electrocution (melded)
 y - a +1 hand axe of flaming
 D - a +0 dagger of venom
 M - a +1 flail of freezing
 W - a +2 heavy hand axe
Missiles
 e - a throwing net
 h - 16 poisoned darts (quivered)
 v - 7 boomerangs
 B - 3 silver boomerangs
Armour
 k - a +0 cloak (melded)
 s - a +2 leather armour of poison resistance (melded)
 H - a +2 leather armour of positive energy
 I - a +0 pair of gloves (melded)
 Z - a +0 pair of boots (melded)
Magical Staves
 w - a staff of air
Jewellery
 g - a +6 ring of dexterity
 K - a ring of resist corrosion
 O - a ring of protection from cold (left front paw)
 P - a ring of protection from fire (right front paw)
 Q - an amulet of magic regeneration (around neck)
 Y - a ring of protection from cold
Wands
 d - a wand of acid (14)
 L - a wand of flame (24)
Scrolls
 a - 3 scrolls of blinking {unknown}
 f - 4 scrolls of teleportation {unknown}
 i - a scroll of immolation {unknown}
 j - 16 scrolls of identify {unknown}
 l - 2 scrolls of poison {unknown}
 m - 4 scrolls of silence {unknown}
 n - 4 scrolls of torment {unknown}
 t - 4 scrolls of enchant weapon {unknown}
 x - 3 scrolls of fog {unknown}
 A - 4 scrolls of fear {unknown}
 C - a scroll of summoning {unknown}
 G - a scroll of noise {unknown}
 N - a scroll of vulnerability {unknown}
 R - 2 scrolls of revelation {unknown}
 S - a scroll of enchant armour {unknown}
 U - a scroll of amnesia {unknown}
Potions
 b - 2 potions of magic
 c - 2 potions of might
 p - 2 potions of haste {unknown}
 q - 3 potions of heal wounds {unknown}
 r - 6 potions of curing
 z - 4 potions of degeneration {unknown}
 E - a potion of lignification {unknown}
 F - a potion of mutation {unknown}
 J - a potion of resistance
 T - a potion of berserk rage {unknown}
 V - a potion of ambrosia {unknown}
 X - a potion of brilliance {unknown}


   Skills:
 + Level 6.3 Fighting
 + Level 6.3 Short Blades
 + Level 6.3 Long Blades
 + Level 6.3 Axes
 + Level 6.3 Maces & Flails
 + Level 6.3 Polearms
 + Level 6.3 Staves
 + Level 6.3 Ranged Weapons
 + Level 6.3 Throwing
 + Level 6.3 Armour
 + Level 7.9 Dodging
 + Level 7.6 Stealth
 + Level 6.3 Shields
 + Level 6.3 Unarmed Combat
 + Level 8.1 Spellcasting
 + Level 5.2 Conjurations
 + Level 5.2 Hexes
 + Level 5.2 Summonings
 + Level 5.2 Necromancy
 + Level 5.2 Translocations
 + Level 5.2 Transmutations
 + Level 5.2 Fire Magic
 + Level 8.9 Ice Magic
 + Level 5.2 Air Magic
 + Level 5.2 Earth Magic
 + Level 5.2 Poison Magic
 + Level 6.9 Invocations
 + Level 6.3 Evocations


You had 7 spell levels left.
You knew the following spells:

 Your Spells              Type           Power      Damage    Failure   Level
a - Freeze                Ice            100%       1d10      1%          1
b - Ensorcelled Hibernat  Hex/Ice        68%        N/A       1%          2
c - Frozen Ramparts       Ice            82%        1d13      1%          3
d - Ozocubu's Armour      Ice            41%        N/A       1%          3
e - Summon Ice Beast      Ice/Summ       34%        N/A       4%          4
f - Ice Form              Ice/Tmut       34%        N/A       4%          4
g - Momentum Strike       Conj/Tloc      54%        3d9       1%          2

Your spell library contained the following spells:

 Spells                   Type           Power      Damage    Failure   Level
 Apportation              Tloc           54%        N/A       1%          1
 Kiss of Death            Conj/Necr      100%       2d13      1%          1
 Passwall                 Tmut/Erth      22%        N/A       1%          2
 Confusing Touch          Hex            27%        N/A       3%          3
 Swiftness                Air            27%        N/A       3%          3
 Dispel Undead            Necr           27%        3d13      11%         4
 Alistair's Intoxication  Tmut/Pois      18%        N/A       28%         5


Dungeon Overview and Level Annotations

Branches:
Dungeon (9/15)             Temple (1/1) D:5            Lair (1/5) D:8
Ossuary (visited)
    Orc: D:9-12

Altars:
Ashenzari
Dithmenos
Elyvilon
Fedhas
Hepliaklqana
Kikubaaqudgha
Makhleb
Nemelex Xobeh
Okawaru
Qazlal
Ru
Sif Muna
Uskayaw
Vehumet
Wu Jian
Xom
Yredelemnul
Zin
The Shining One

Shops:
D:1 [

Annotations:
D:5 3 runed translucent doors, rinse's ghost, amateur DrCj
D:7 2 transporters


Innate Abilities, Weirdness & Mutations

You are a creature of crystalline ice.
You have a powerful freezing melee attack.
You are amphibious.
Your maximum health is increased.
Your armour is entirely melded.
You are incapable of wielding weapons or throwing items.
((You have very sharp teeth.))
Your uncanny sense of smell can sniff out nearby items.
Your experience applies equally to all skills.


Message History

You feel sick.
The wall freezes the wolf.
The wolf bites you but does no damage.
The wall freezes the wolf but does no damage.
The wolf bites you but does no damage.
The wall freezes the wolf!
You kill the wolf!
Vehumet accepts your kill. The wolf closely misses your ice beast.
The wall freezes the elephant!
The wall freezes the elephant but does no damage.
The elephant tramples you!
* * * LOW HITPOINT WARNING * * *
You hold your ground!
The elephant closely misses you. The elephant tramples your ice beast.
Your ice beast holds its ground!
The elephant trunk-slaps your ice beast.
Your ice beast hits the elephant.
Your ice beast freezes the elephant!
You feel better.
The frozen ramparts melt away.
The wolf bites you but does no damage.
The wolf bites your ice beast but does no damage.
The wolf bites your ice beast. The wolf bites you.
* * * LOW HITPOINT WARNING * * *
The wolf bites your ice beast. The elephant barely misses you.
The elephant trunk-slaps you but does no damage.
The wolf bites your ice beast!
Your ice beast hits the elephant.
Your ice beast freezes the elephant!
Casting: Summon Ice Beast (dangerous; 4% risk of failure)
Confirm with . or Enter, or press ? or * to list all spells.
Casting: Frozen Ramparts (safe; 1% risk of failure)
Press: ? - help, Dir - look around, f - activate The walls around you are covered in ice.
The wall freezes the wolf but does no damage.
The wolf bites you but does no damage. The wolf bites your ice beast!
Your ice beast dies!
Your ice beast disappears in a puff of smoke!
The wall freezes the wolf.
The wolf closely misses you.
The wall freezes the elephant!
The elephant tramples you.
* * * LOW HITPOINT WARNING * * *
You hold your ground!
The elephant trunk-slaps you but does no damage.
The wall freezes the elephant!
The wall freezes the elephant.
The elephant tramples you!
You die...

#.h.......
#ยง........
#.h....... #.........
##+#####.........
#....h...........
#####.#YYh...........
......YYh.F..........
##.###Y##..........
##.######.........
##.....####........
##..P....###........
#.........#.........
#...PPP....#........
#...P<..P.##........
#..PP.P...##..###...
#.........##..# ...


You could see 4 elephants, 3 wolves and a bullfrog.

Vanquished Creatures
  A two-headed ogre (D:8)
  An elephant (D:8)
  2 black mambas (Lair:1)
  A komodo dragon (Lair:1)
  A hornet (D:8)
  Prince Ribbit (D:6)
  Sigmund (Temple)
  A vampire (D:9)
  A wyvern (D:8)
  10 yaks
  A basilisk (D:8)
  A water moccasin (D:6)
  2 hornet zombies (Ossuary)
  3 ice beasts (D:6)
  2 black bears
  An ogre (Temple)
  5 wolves (Lair:1)
  A bullfrog (D:8)
  A gnoll sergeant (D:7)
  2 scorpions
  3 wyvern zombies (Ossuary)
  3 wights (D:7)
  A water moccasin zombie (Ossuary)
  2 electric eels (D:7)
  3 howler monkeys
  5 bullfrog zombies (Ossuary)
  3 hounds
  2 centaur zombies (Ossuary)
  4 orc priests
  3 gnoll boudas
  2 sleepcaps (D:8)
  3 iguanas (D:6)
  8 orc wizards
  A killer bee zombie (Ossuary)
  8 mummies
  3 howler monkey zombies (Ossuary)
  21 gnolls
  6 adders
  2 white imps (D:6)
  An ufetubus (D:6)
  2 worms
  A dart slug (D:3)
  33 orcs
  5 ball pythons
  3 bats
  3 endoplasms
  3 giant cockroaches
  3 goblins
  A hobgoblin (D:1)
  2 jackals (D:4)
  6 quokkas
  4 frilled lizards
  5 kobolds
  2 kobold zombies (D:8)
  3 rats
199 creatures vanquished.

Vanquished Creatures (collateral kills)
  A yak (D:6)
  A wight (D:7)
  2 orc priests (D:7)
  2 mummies (Ossuary)
  A gnoll (D:7)
  An orc (D:8)
8 creatures vanquished.

Grand Total: 207 creatures vanquished

Notes
Turn   | Place    | Note
-------+----------+-------------------------------------------
     0 | D:1      | monsoonserge the Gnoll Ice Elementalist began the quest for
                  | the Orb.
     0 | D:1      | Reached XP level 1. HP: 13/13 MP: 6/6
     2 | D:1      | Found Fask's Antique Armour Shoppe.
   428 | D:1      | Reached XP level 2. HP: 18/19 MP: 3/7
   693 | D:2      | Learned a level 2 spell: Ensorcelled Hibernation
   786 | D:2      | Found a faded altar of an unknown god.
  1117 | D:2      | Reached skill level 5 in Spellcasting
  1117 | D:2      | Reached XP level 3. HP: 24/25 MP: 5/9
  1167 | D:2      | Reached skill level 1 in Invocations
  1465 | D:3      | Reached skill level 1 in Fighting
  1465 | D:3      | Reached skill level 1 in Short Blades
  1465 | D:3      | Reached skill level 1 in Long Blades
  1465 | D:3      | Reached skill level 1 in Axes
  1465 | D:3      | Reached skill level 1 in Maces & Flails
  1465 | D:3      | Reached skill level 1 in Polearms
  1465 | D:3      | Reached skill level 1 in Staves
  1465 | D:3      | Reached skill level 1 in Ranged Weapons
  1465 | D:3      | Reached skill level 1 in Throwing
  1465 | D:3      | Reached skill level 1 in Armour
  1465 | D:3      | Reached skill level 1 in Shields
  1465 | D:3      | Reached skill level 1 in Unarmed Combat
  1465 | D:3      | Reached skill level 1 in Evocations
  1484 | D:3      | Learned a level 3 spell: Frozen Ramparts
  1488 | D:3      | Learned a level 3 spell: Ozocubu's Armour
  1655 | D:3      | Reached XP level 4. HP: 21/32 MP: 3/11
  1656 | D:3      | Reached skill level 1 in Conjurations
  1656 | D:3      | Reached skill level 1 in Hexes
  1656 | D:3      | Reached skill level 1 in Summonings
  1656 | D:3      | Reached skill level 1 in Necromancy
  1656 | D:3      | Reached skill level 1 in Translocations
  1656 | D:3      | Reached skill level 1 in Transmutations
  1656 | D:3      | Reached skill level 1 in Fire Magic
  1656 | D:3      | Reached skill level 1 in Air Magic
  1656 | D:3      | Reached skill level 1 in Earth Magic
  1656 | D:3      | Reached skill level 1 in Poison Magic
  1811 | D:3      | Reached XP level 5. HP: 37/37 MP: 12/12
  2367 | D:4      | Reached XP level 6. HP: 35/44 MP: 5/14
  2370 | D:4      | Reached skill level 5 in Dodging
  3078 | D:5      | Entered Level 5 of the Dungeon
  3107 | D:5      | Noticed rinse's ghost (amateur DrCj)
  3281 | D:5      | Reached XP level 7. HP: 51/51 MP: 11/15
  3336 | D:5      | Found a runed translucent gate.
  3336 | D:5      | Found a runed translucent gate.
  3338 | D:5      | Found a runed translucent gate.
  3520 | D:5      | Found a staircase to the Ecumenical Temple.
  3524 | D:5      | Noticed Sigmund
  3529 | Temple   | Entered the Ecumenical Temple
  3538 | Temple   | Reached skill level 5 in Stealth
  3539 | Temple   | Killed Sigmund
  3594 | Temple   | Became a worshipper of Vehumet
  3690 | D:5      | Reached XP level 8. HP: 58/58 MP: 16/16
  3835 | D:5      | Found a burning altar of Makhleb.
  3915 | D:5      | Found a hide-covered altar of Uskayaw.
  3917 | D:5      | Found a glowing golden altar of the Shining One.
  4607 | D:6      | Reached * piety under Vehumet
  4607 | D:6      | Offered knowledge of Magic Dart by Vehumet.
  4689 | D:6      | Found an ornate altar of the Wu Jian Council.
  4892 | D:6      | Found a blossoming altar of Fedhas.
  4899 | D:6      | Noticed Prince Ribbit
  4921 | D:6      | Killed Prince Ribbit
  4922 | D:6      | Reached XP level 9. HP: 65/65 MP: 13/18
  5145 | D:6      | Learned a level 4 spell: Summon Ice Beast
  5150 | D:6      | Learned a level 4 spell: Ice Form
  5201 | D:7      | Found a transporter.
  5532 | D:6      | Reached skill level 5 in Invocations
  5806 | D:7      | Found a hazy altar of Hepliaklqana.
  5891 | D:7      | Found a transporter.
  6360 | D:8      | Found a sand-covered staircase.
  6369 | Ossuary  | Entered an ossuary
  6481 | Ossuary  | Reached skill level 5 in Fighting
  6481 | Ossuary  | Reached skill level 5 in Short Blades
  6481 | Ossuary  | Reached skill level 5 in Long Blades
  6481 | Ossuary  | Reached skill level 5 in Axes
  6481 | Ossuary  | Reached skill level 5 in Maces & Flails
  6481 | Ossuary  | Reached skill level 5 in Polearms
  6481 | Ossuary  | Reached skill level 5 in Staves
  6481 | Ossuary  | Reached skill level 5 in Ranged Weapons
  6481 | Ossuary  | Reached skill level 5 in Throwing
  6481 | Ossuary  | Reached skill level 5 in Armour
  6481 | Ossuary  | Reached skill level 5 in Shields
  6481 | Ossuary  | Reached skill level 5 in Unarmed Combat
  6481 | Ossuary  | Reached skill level 5 in Evocations
  6488 | Ossuary  | Reached XP level 10. HP: 55/74 MP: 20/20
  6518 | Ossuary  | Offered knowledge of Scorch by Vehumet.
  6520 | Ossuary  | Reached ** piety under Vehumet
  7139 | D:8      | Found a staircase to the Lair.
  7139 | D:8      | Noticed an elephant
  7169 | D:8      | Killed an elephant
  7389 | D:8      | Noticed a two-headed ogre
  7398 | D:8      | Killed a two-headed ogre
  7629 | D:8      | Offered knowledge of Momentum Strike by Vehumet.
  8077 | D:8      | Reached *** piety under Vehumet
  8078 | D:8      | Reached skill level 5 in Conjurations
  8078 | D:8      | Reached skill level 5 in Hexes
  8078 | D:8      | Reached skill level 5 in Summonings
  8078 | D:8      | Reached skill level 5 in Necromancy
  8078 | D:8      | Reached skill level 5 in Translocations
  8078 | D:8      | Reached skill level 5 in Transmutations
  8078 | D:8      | Reached skill level 5 in Fire Magic
  8078 | D:8      | Reached skill level 5 in Air Magic
  8078 | D:8      | Reached skill level 5 in Earth Magic
  8078 | D:8      | Reached skill level 5 in Poison Magic
  8082 | D:8      | Learned a level 2 spell: Momentum Strike
  8209 | D:8      | Reached XP level 11. HP: 81/81 MP: 18/22
  8501 | D:9      | Found a shimmering altar of Xom.
  8660 | Lair:1   | Entered Level 1 of the Lair of Beasts
  8857 | Lair:1   | HP: 1/97 [elephant (9)]
  8859 | Lair:1   | Mangled by an elephant

Illustrated notes

Levels and vault maps discovered:
D:1:      dpeg_arrival_short_road, layout_rooms, serial_shops,
          nicolae_shop_tiny_waterfront, chequers_serial_rivers_micro_a
D:2:      layout_basic, shapermc_ecumenical_altar_mp_urbaneastern,
          kennysheep_generic_room_5
D:3:      layout_loops_ring
D:4:      layout_loops_cross, minmay_circle_x
D:5:      layout_rooms, lemuel_doored_altar, minitemple,
          minmay_temple_entry_statues_fountains, gammafunk_ghost_split,
          uniq_sigmund
D:6:      layout_basic, mainiacjoe_overflow_paths, fedhas_altar_1,
          uniq_prince_ribbit1
D:7:      gammafunk_cloud_chamber, layout_rooms, general_overflow_altar,
          amethyst_killhole, water_boxes_lemuel
D:8:      layout_loops_cross, david_lair_generic, nicolae_ossuary_entry_giza,
          grunt_ministairs_11, lightli_orcish_oven
D:9:      layout_stronghold, nicolae_overflow_hidden_temple, minmay_hedge_maze,
          minmay_three_doors
Temple:   chequers_temple_sunken
Lair:1:   layout_layer_cave, basic_altar, serial_rivers,
          chequers_serial_rivers_micro_b, chequers_serial_rivers_room_a,
          chequers_serial_rivers_micro_b, chequers_serial_rivers_room_a,
          chequers_serial_rivers_micro_d, st_stairs_6, minivault_23,
          cheibrodos_lair_reptile_den

Skill      XL: |  1  2  3  4  5  6  7  8  9 10 11 |
---------------+----------------------------------+-----
Spellcasting   | 5 6 7 8 |  8.1
Invocations    | 1 2 3 4 5 6 |  6.9
Fighting       | 1 2 3 5 6 |  6.3
Short Blades   | 1 2 3 5 6 |  6.3
Long Blades    | 1 2 3 5 6 |  6.3
Axes           | 1 2 3 5 6 |  6.3
Maces & Flails | 1 2 3 5 6 |  6.3
Polearms       | 1 2 3 5 6 |  6.3
Staves         | 1 2 3 5 6 |  6.3
Ranged Weapons | 1 2 3 5 6 |  6.3
Throwing       | 1 2 3 5 6 |  6.3
Armour         | 1 2 3 5 6 |  6.3
Shields        | 1 2 3 5 6 |  6.3
Unarmed Combat | 1 2 3 5 6 |  6.3
Evocations     | 1 2 3 5 6 |  6.3
Conjurations   | 1 2 3 4 5 |  5.2
Hexes          | 1 2 3 4 5 |  5.2
Summonings     | 1 2 3 4 5 |  5.2
Necromancy     | 1 2 3 4 5 |  5.2
Translocations | 1 2 3 4 5 |  5.2
Transmutations | 1 2 3 4 5 |  5.2
Fire Magic     | 1 2 3 4 5 |  5.2
Air Magic      | 1 2 3 4 5 |  5.2
Earth Magic    | 1 2 3 4 5 |  5.2
Poison Magic   | 1 2 3 4 5 |  5.2
Dodging        | 5 6 7 |  7.9
Stealth        | 5 6 7 |  7.6
Ice Magic      | 8 |  8.9

Action                     |  1- 3 |  4- 6 |  7- 9 | 10-12 || total
---------------------------+-------+-------+-------+-------++-------
  Melee: Short sword       |    29 |       |       |       ||    29
         Bite              |     4 |     7 |    11 |     6 ||    28
         Hand axe          |     3 |    61 |    99 |    51 ||   214
         Punch             |     1 |     1 |     4 |     4 ||    10
         Unarmed           |       |       |    80 |   121 ||   201
         Flail             |       |       |    15 |     5 ||    20
  Throw: Dart              |       |       |     6 |       ||     6
   Cast: Freeze            |    23 |     8 |    14 |    11 ||    56
         Frozen Ramparts   |     1 |    11 |    19 |    12 ||    43
         Ozocubu's Armour  |     1 |     5 |    12 |     7 ||    25
         Ensorcelled Hiber |       |       |     2 |       ||     2
         Ice Form          |       |       |     7 |    11 ||    18
         Summon Ice Beast  |       |       |     4 |     7 ||    11
         Momentum Strike   |       |       |       |     3 ||     3
  Evoke: Wand              |       |       |       |     1 ||     1
    Use: Potion            |       |       |       |     3 ||     3
   Stab: Sleeping          |     7 |     5 |     1 |     3 ||    16
 Armour: Robe              |     5 |       |       |       ||     5
         Leather armour    |     5 |    31 |    51 |    19 ||   106
         Skin              |       |       |    18 |    59 ||    77
  Dodge: Dodged            |    27 |    55 |   175 |   128 ||   385

Table legend: (Time is in decaauts)
 A = Elapsed time spent in this place.
 B = Non-inter-level travel time spent in this place.
 C = Inter-level travel time spent in this place.
 D = Time resting spent in this place.
 E = Time spent auto-exploring this place.
 F = Levels seen in this place.
 G = Mean time per level.
                   A        B        C        D        E       F      G
               +--------+--------+--------+--------+--------+-----+--------+
         Total |   8882 |   8433 |    449 |   1768 |   3215 |  12 |  740.2 |
       Dungeon |   8038 |   7589 |    449 |   1495 |   3184 |   9 |  893.1 |
        Temple |     87 |     87 |      0 |      0 |      0 |   1 |   87.0 |
          Lair |     63 |     63 |      0 |      0 |     19 |   1 |   63.0 |
       Ossuary |    692 |    692 |      0 |    273 |     12 |   1 |  692.0 |
               +--------+--------+--------+--------+--------+-----+--------+

Top non-repeatable levels by time:
     D:8: 1550 daAuts
     D:6: 1271 daAuts
     D:4: 1139 daAuts
     D:7: 898 daAuts
     D:5: 829 daAuts
     D:2: 809 daAuts
     D:3: 696 daAuts
 Ossuary: 692 daAuts
     D:1: 642 daAuts
     D:9: 199 daAuts
  Temple: 87 daAuts
  Lair:1: 63 daAuts
